 Dungeon Crawl Stone Soup version 0.23.2-1-ga50397a (webtiles) character file.

Game seed: 4677581582504134621

938 Borgoz the Chopper (level 7, 0/93 HPs)
             Began as a Minotaur Gladiator on May 14, 2019.
             Was an Initiate of Ashenzari.
             Slain by Pikel
             ... wielding a +2 whip of freezing
              (4 damage)
             ... on level 5 of the Dungeon.
             The game lasted 00:04:18 (3503 turns).

Borgoz the Chopper (Minotaur Gladiator)             Turns: 3503, Time: 00:04:19

Health: 0/93       AC:  6    Str: 23    XL:     7   Next: 87%
Magic:  6/6        EV: 14    Int:  5    God:    Ashenzari [......]
Gold:   231        SH:  0    Dex: 14    Spells: 6/6 levels left

rFire    . . .     SeeInvis .   a - +0 war axe
rCold    . . .     Gourm    .   (no shield)
rNeg     . . .     Faith    .   g - +0 ring mail
rPois    .         Spirit   .   c - +0 hat
rElec    .         Reflect  .   (no cloak)
rCorr    .         Harm     .   (no gloves)
MR       .....                  (no boots)
Stlth    ..........             (no amulet)
HPRegen  0.25/turn              (no ring)
MPRegen  0.10/turn              (no ring)

@: berserking, very quick
A: retaliatory headbutt, horns 2
a: Curse Item, Renounce Religion


You were on level 5 of the Dungeon.
You worshipped Ashenzari.
Ashenzari was noncommittal.
You were hungry.

You visited 2 branches of the dungeon, and saw 6 of its levels.

You collected 231 gold pieces.

Inventory:

Hand Weapons
 a - a +0 war axe (weapon)
 s - a +0 whip of venom
Missiles
 d - 3 throwing nets (quivered)
Armour
 c - a +0 hat (worn)
 g - a +0 ring mail (worn)
Jewellery
 m - an uncursed amulet of harm
 p - an uncursed ring of positive energy
Wands
 l - a wand of digging (2)
Scrolls
 b - 2 scrolls of fear {unknown}
 h - 7 scrolls of identify {unknown}
 i - 4 scrolls of teleportation {unknown}
 k - 3 scrolls of remove curse
 r - a scroll of magic mapping {unknown}
Potions
 e - a potion of berserk rage
 j - a potion of flight {unknown}
 n - a potion of lignification {unknown}
 o - 3 potions of curing {unknown}
 q - 2 potions of heal wounds {unknown}
 u - a potion of brilliance {unknown}
Comestibles
 f - 5 rations
 t - 4 chunks of flesh


   Skills:
 + Level 5.9 Fighting
 + Level 6.5 Axes
 - Level 2.0 Throwing
 + Level 5.1 Armour
 + Level 5.9 Dodging


You had 6 spell levels left.
You didn't know any spells.
Your spell library was empty.

Dungeon Overview and Level Annotations

Branches:
Dungeon (5/15)             Temple (1/1) D:4

Altars:
Ashenzari
Dithmenos
Elyvilon
Fedhas
Gozag
Hepliaklqana
Kikubaaqudgha
Makhleb
Nemelex Xobeh
Qazlal
Ru
Sif Muna
Uskayaw
Vehumet
Wu Jian
Xom
Yredelemnul
Zin
The Shining One

Shops:
D:4 *

Annotations:
D:5 Pikel


Innate Abilities, Weirdness & Mutations

You reflexively headbutt those who attack you in melee.
You have a pair of horns on your head.


Message History

The slave barely misses you.
Pikel hits you with a +2 whip of freezing.
* * * LOW HITPOINT WARNING * * *
Pikel freezes you.
* * * LOW HITPOINT WARNING * * *
The slave hits you.
* * * LOW HITPOINT WARNING * * *
The slave hits you.
* * * LOW HITPOINT WARNING * * *
You hit the slave. You headbutt the slave!
You kill the slave!
That felt strangely unrewarding.
You barely miss the slave. You hit Pikel. You miss the slave.
The slave hits you.
* * * LOW HITPOINT WARNING * * *
The orc priest mumbles some strange prayers to Beogh against you.
Beogh smites you!
* * * LOW HITPOINT WARNING * * *
Pikel cracks his whip.
Pikel hits you with a +2 whip of freezing.
You die...

### ##### ..##### #...#
....... #.#.#+##.......
#(#....#.......
#.#....#K......
#.#....@p......
#.#....pp......
##.#.......#.#.#
##..........o<.. # #.
#.....#......## .
.##.####..............
.....#......##.........
.....#.................
###..#.......#.......


You could see Pikel, 3 slaves and an orc priest.

Vanquished Creatures
  Edmund (D:5)
  An ogre (D:4)
  A phantom (D:4)
  A slave (D:5)
  A centaur (D:5)
  3 crimson imps
  2 hounds (D:4)
  A gnoll shaman (D:4)
  Natasha (thrice) (D:2)
  3 adders
  13 gnolls
  4 worms
  4 dart slugs
  7 leopard geckos
  9 orcs
  8 bats
  6 giant cockroaches
  13 goblins
  9 hobgoblins
  5 jackals
  10 kobolds
  3 quokkas
  2 ball pythons
  5 frilled lizards
  A quokka skeleton (D:4)
  11 rats
127 creatures vanquished.

Notes
Turn   | Place    | Note
-------+----------+-------------------------------------------
     0 | D:1      | Borgoz the Minotaur Gladiator began the quest for the Orb.
     0 | D:1      | Reached XP level 1. HP: 18/18 MP: 0/0
    72 | D:1      | Reached skill level 1 in Armour
    72 | D:1      | Reached XP level 2. HP: 6/25 MP: 1/1
   449 | D:1      | Reached skill level 4 in Axes
   477 | D:1      | Reached XP level 3. HP: 28/31 MP: 2/2
   792 | D:2      | Reached XP level 4. HP: 37/39 MP: 3/3
   915 | D:2      | Noticed Natasha
   920 | D:2      | Killed Natasha
  1189 | D:2      | Found a white marble altar of Elyvilon.
  1271 | D:2      | Noticed Natasha
  1274 | D:2      | Reached XP level 5. HP: 46/46 MP: 4/4
  1277 | D:2      | Killed Natasha
  1453 | D:2      | Noticed Natasha
  1457 | D:2      | Killed Natasha
  1592 | D:3      | Reached skill level 5 in Axes
  1766 | D:3      | Reached XP level 6. HP: 41/53 MP: 5/5
  1845 | D:3      | Found a sparkling altar of Nemelex Xobeh.
  1896 | D:3      | Found a shimmering altar of Xom.
  2361 | D:4      | Found a staircase to the Ecumenical Temple.
  2398 | Temple   | Entered the Ecumenical Temple
  2604 | Temple   | Became a worshipper of Ashenzari the Shackled
  2699 | D:4      | Reached skill level 5 in Dodging
  2723 | D:4      | Reached skill level 5 in Fighting
  2807 | D:4      | Reached XP level 7. HP: 48/61 MP: 6/6
  2876 | D:4      | Found Elea's General Store.
  2945 | D:4      | Found a radiant altar of Vehumet.
  2947 | D:4      | Found a hazy altar of Hepliaklqana.
  2976 | D:4      | Reached skill level 6 in Axes
  3338 | D:5      | Entered Level 5 of the Dungeon
  3339 | D:5      | Noticed Edmund
  3349 | D:5      | Killed Edmund
  3383 | D:5      | Reached skill level 5 in Armour
  3492 | D:5      | Noticed Pikel
  3503 | D:5      | HP: 4/93 [orc priest/divine providence (11)]
  3503 | D:5      | Slain by Pikel

Skill      XL: |  1  2  3  4  5  6  7 |
---------------+----------------------+-----
Armour         | 1 2 3 4 5 |  5.1
Axes           | 4 5 6 |  6.5
Fighting       | 3 4 5 |  5.9
Dodging        | 4 5 |  5.9
Throwing       | |  2.0

Action                   |  1- 3 |  4- 6 |  7- 9 || total
-------------------------+-------+-------+-------++-------
Melee: War axe           |    70 |   116 |    45 ||   231
       Headbutt          |     8 |    22 |    10 ||    40
  Use: Potion            |       |       |     2 ||     2
  Eat: Chunk             |       |     6 |     2 ||     8
Armor: Leather armour    |     5 |       |       ||     5
       Ring mail         |    19 |    38 |    14 ||    71
Dodge: Dodged            |    70 |   103 |    55 ||   228
